 Dungeon Crawl Stone Soup version 0.27.1-1-g398f81649c (webtiles) character file.

Game seed: 11375018927856083528

22222 H0rd4k the Martial Artist (level 12, -9/78 (90) HPs)
             Began as an Octopode Transmuter on Sept 7, 2021.
             Was an Initiate of Gozag.
             Mangled by Urug (16 damage)
             ... on level 4 of the Lair of Beasts on Sept 8, 2021.
             The game lasted 00:34:02 (21153 turns).

H0rd4k the Martial Artist (Octopode Transmuter)    Turns: 21153, Time: 00:34:02

HP:   -9/78 (90)    AC: 13    Str:  9    XL:     12   Next: 98%
MP:   0/34          EV: 13    Int: 20    God:    Gozag
Gold: 1753          SH:  0    Dex: 13    Spells: 19/29 levels left

rFire    x . .     SeeInvis +     - Unarmed
rCold    + + +     Faith    .   (shield currently unavailable)
rNeg     . . .     Spirit   +   (helmet currently unavailable)
rPois    +         Reflect  .   u - amulet of guardian spirit
rElec    .         Harm     .   p - ring of magical power
rCorr    .         Rampage  .   z - +4 ring of protection
Will     .....                  L - ring of see invisible
Stlth    +.........             O - ring of flight
HPRegen  0.23/turn              (no ring)
MPRegen  0.24/turn              (no ring)
                                (no ring)
                                (no ring)

@: mighty, about to teleport, ice-form, flying, heavily drained
A: freezing attack, boosted hp, almost no armour, amphibious, 8 rings, large,
(camouflage 1), (gelatinous body 1), (nimble swimmer 1), (tentacles)
a: End Transformation, Renounce Religion, Potion Petition, Call Merchant, Bribe
Branch


You were on level 4 of the Lair of Beasts.
You worshipped Gozag.
Gozag was most pleased with you.
You were a creature of crystalline ice.
You visited 3 branches of the dungeon, and saw 15 of its levels.

You collected 2535 gold pieces.
You paid 782 gold pieces to Gozag.

Inventory:

Hand Weapons
 Q - the +2 falchion of the Shimmering Queen {drain, rElec rF- Dex+2 Stlth+}
   (You found it on level 3 of the Lair of Beasts)

   A truly terrible weapon, it drains the life of any living foe it strikes.
   Dex:       It affects your dexterity (+2).
   rF:        It makes you vulnerable to fire.
   rElec:     It insulates you from electricity.
   Stlth:     It makes you more stealthy.
Armour
 l - a +1 hat
Magical Staves
 k - a staff of poison
 x - a staff of death
 C - a staff of conjuration
Jewellery
 p - a ring of magical power (left front paw)
 u - an amulet of guardian spirit (around neck)
 z - a +4 ring of protection (right front paw)
 L - a ring of see invisible (on tentacle)
 O - a ring of flight (on tentacle)
Wands
 A - a wand of paralysis (8)
 B - a wand of charming (3)
 G - a wand of polymorph (20)
 I - a wand of iceblast (16)
Scrolls
 c - 3 scrolls of enchant weapon
 f - 2 scrolls of immolation {unknown}
 g - a scroll of fog {unknown}
 j - a scroll of teleportation
 m - a scroll of blinking {unknown}
 q - 2 scrolls of fear
 s - 2 scrolls of magic mapping {unknown}
 v - 2 scrolls of torment {unknown}
 w - a scroll of summoning {unknown}
 y - a scroll of vulnerability {unknown}
 D - a scroll of enchant armour {unknown}
 F - a scroll of silence {unknown}
 J - 2 scrolls of noise {unknown}
 M - 5 scrolls of identify
 P - 2 scrolls of amnesia {unknown}
Potions
 a - 2 potions of flight {unknown}
 b - 3 potions of attraction {unknown}
 d - 2 potions of magic
 e - 4 potions of mutation
 h - a potion of brilliance {unknown}
 i - 4 potions of curing
 n - a potion of might
 r - 2 potions of ambrosia {unknown}
 t - 2 potions of degeneration {unknown}
 E - a potion of berserk rage {unknown}
 H - 2 potions of lignification {unknown}
 N - 2 potions of haste {unknown}
Miscellaneous
 o - a phial of floods
 K - a box of beasts


   Skills:
 + Level 4.5 Fighting
 + Level 7.8 Dodging
 + Level 12.9 Unarmed Combat
 * Level 9.0 Spellcasting
 * Level 8.5 Transmutations
 + Level 5.5 Ice Magic
 + Level 0.7 Air Magic
 + Level 5.8 Poison Magic
 + Level 0.7 Evocations


You had 19 spell levels left.
You knew the following spells:

 Your Spells              Type           Power      Damage    Failure   Level
a - Beastly Appendage     Tmut           86%        N/A       1%          1
b - Spider Form           Tmut/Pois      18%        N/A       1%          3
c - Ice Form              Ice/Tmut       37%        N/A       4%          4
d - Poisonous Vapours     Pois/Air       44%        N/A       3%          2

Your spell library contained the following spells:

 Spells                   Type           Power      Damage    Failure   Level
 Wereblood                Tmut           43%        N/A       1%          2
 Frozen Ramparts          Ice            62%        1d8       2%          3
 Ensorcelled Hibernation  Hex/Ice        40%        N/A       3%          2
 Magic Dart               Conj           36%        1d4       8%          1
 Mephitic Cloud           Conj/Pois/Air  17%        N/A       10%         3
 Call Imp                 Summ           9%         N/A       12%         2
 Gell's Gravitas          Tloc           4%         N/A       22%         3
 Inner Flame              Hex/Fire       9%         N/A       22%         3
 Teleport Other           Tloc           9%         N/A       22%         3
 Summon Ice Beast         Ice/Summ       20%        N/A       24%         4
 Animate Dead             Necr           4%         N/A       58%         4
 Cause Fear               Hex            4%         N/A       58%         4
 Passage of Golubria      Tloc           N/A        N/A       58%         4
 Silence                  Hex/Air        5%         N/A       88%         5
 Borgnjor's Vile Clutch   Necr/Erth      4%         N/A       91%         5
 Death Channel            Necr           4%         N/A       100%        6
 Dispersal                Tloc           4%         N/A       100%        6
 Haunt                    Necr/Summ      4%         N/A       100%        7
 Discord                  Hex            4%         N/A       100%        8
 Infestation              Necr           4%         N/A       100%        8
 Lehudib's Crystal Spear  Conj/Erth      4%         10d3      100%        8
 Polar Vortex             Ice            15%        N/A       100%        9


Dungeon Overview and Level Annotations

Branches:
Dungeon (10/15)            Temple (1/1) D:6            Lair (4/6) D:9
 Spider (0/4) Lair:4          Orc (0/2) D:9
  Swamp: Lair:2-4    Shoals: Lair:2-4

Altars:
Ashenzari
Cheibriados
Fedhas
Gozag
Hepliaklqana
Kikubaaqudgha
Makhleb
Nemelex Xobeh
Okawaru
Ru
Sif Muna
Trog
Vehumet
Wu Jian
Xom
Yredelemnul
The Shining One

Shops:
D:5 *   D:9 (

Annotations:
D:5 exclusion: necrophage
D:6 exclusion: downstairs, Sigmund
D:7 exclusion: water moccasin
D:8 exclusions: downstairs and ice statue
D:9 exclusion: downstairs
D:10 Nergalle
Lair:2 2 transporters, exclusions: hydra and upstairs
Lair:4 Urug


Innate Abilities, Weirdness & Mutations

You are a creature of crystalline ice.
You have a powerful freezing melee attack.
Your maximum health is increased.
Your armour is entirely melded.
You are incapable of wielding weapons or throwing items.
You cannot wear most types of armour.
You are amphibious.
You can wear up to eight rings at the same time.
((Your skin changes colour to match your surroundings (Stealth+).))
((Your rubbery body absorbs attacks. (AC +1, EV +1)))
((You are camouflaged near water. (Stealth+)))
((You have tentacles for arms and can constrict up to eight enemies at once.))


Message History

You kill the scorpion!
You now have 1738 gold pieces (gained 5).
Found a stone staircase leading up.
Found 15 gold pieces.
You now have 1753 gold pieces (gained 15).
Your transformation is almost over.
You warm up again.
Found 22 sling bullets.
Key pressed, stopping explore.
You see here 22 sling bullets.
Urug the Orcish Ballista comes into view.
She is wielding a +3 demon trident of draining.
Urug shouts!
Urug is nearby!
You feel very mighty all of a sudden.
Urug throws a javelin.
The javelin closely misses you.
Casting: Ice Form (dangerous; 4% risk of failure)
Confirm with . or Enter, or press ? or * to list all spells.
You turn into a creature of crystalline ice.
Urug throws a javelin.
The javelin pierces through you!!
Urug hits you with a +3 demon trident of draining!!
You feel drained.
You barely miss Urug.
Urug hits you with a +3 demon trident of draining!!
You feel drained.
You hit Urug but do no damage.
Urug hits you with a +3 demon trident of draining!!
* * * LOW HITPOINT WARNING * * *
You feel drained.
* * * LOW HITPOINT WARNING * * *
Unknown command.
Okay, then.
Unknown command.
As you read the scroll of fear, it crumbles to dust.
You assume a fearsome visage.
The bush is unaffected.
Urug resists with some effort.
Urug misses you.
As you read the scroll of teleportation, it crumbles to dust.
You feel strangely unstable.
Urug hits you with a +3 demon trident of draining!!
You die...
Your body crumbles into a pile of gold.

..............
.......................
#.....................
##...................
#...................
#....P.............
###.##............# #
###...........o.#.#
####.........#..Y..#
#................##..#
.................# #
.................#
.................#
.................#
................P###
................##.##
P.........#......P..##


You could see Urug.

Vanquished Creatures
  Gastronok (D:9)
  3 hydras
  2 two-headed ogres
  2 black mambas
  6 elephants (Lair:3)
  9 cane toads
  A komodo dragon (Lair:2)
  2 trolls (D:9)
  2 hornets (D:9)
  4 wyverns
  A vampire (D:10)
  A basilisk (Lair:1)
  27 yaks
  A steam dragon (D:9)
  Grum (D:9)
  Menkaure (D:4)
  5 water moccasins
  3 orc warriors
  2 ice beasts
  2 ogres
  A necrophage (D:7)
  13 wolves
  4 centaurs
  3 kobold brigands
  7 bullfrogs
  8 scorpions
  2 gnoll sergeants (D:8)
  A water moccasin zombie (D:5)
  4 killer bees (D:8)
  10 wights
  7 electric eels
  8 hounds
  A centaur zombie (D:8)
  A gnoll shaman (D:6)
  3 orc priests
  2 jellies
  A bullfrog skeleton (D:5)
  An iguana (D:6)
  10 orc wizards
  Natasha (thrice) (D:4)
  2 howler monkey zombies
  Robin (D:4)
  17 gnolls
  2 adders
  A shadow imp (D:5)
  2 white imps
  5 worms
  3 dart slugs
  20 orcs
  4 endoplasms
  3 giant cockroaches
  19 goblins
  9 hobgoblins
  4 jackals
  3 quokkas
  5 ball pythons
  4 bats
  A frilled lizard (D:3)
  20 kobolds
  11 rats
302 creatures vanquished.

Vanquished Creatures (collateral kills)
  2 wights (D:7)
2 creatures vanquished.

Vanquished Creatures (others)
  A gnoll sergeant (D:5)
  A wight (D:7)
  An orc priest (D:10)
  2 gnolls (D:5)
  3 orcs
  6 fungi
  9 plants
23 creatures vanquished.

Grand Total: 327 creatures vanquished

Notes
Turn   | Place    | Note
-------+----------+-------------------------------------------
     0 | D:1      | H0rd4k the Octopode Transmuter began the quest for the Orb.
     0 | D:1      | Reached XP level 1. HP: 13/13 MP: 3/3
   214 | D:1      | Reached XP level 2. HP: 18/18 MP: 5/5
   793 | D:1      | Reached XP level 3. HP: 23/23 MP: 6/6
   919 | D:1      | Found a faded altar of an unknown god.
  1137 | D:2      | Learned a level 3 spell: Spider Form
  1926 | D:3      | Reached XP level 4. HP: 17/28 MP: 8/8
  2519 | D:3      | Noticed a scorpion
  2558 | D:3      | Killed a scorpion
  2559 | D:3      | Reached skill level 4 in Unarmed Combat
  2559 | D:3      | Reached XP level 5. HP: 23/33 MP: 6/9
  3368 | D:4      | Noticed Natasha
  3623 | D:4      | Killed Natasha
  3624 | D:4      | Reached XP level 6. HP: 36/38 MP: 10/10
  3698 | D:4      | Noticed Natasha
  3715 | D:4      | Killed Natasha
  3848 | D:4      | Noticed Menkaure
  3859 | D:4      | HP: 1/38 [Menkaure (6)]
  3860 | D:4      | Killed Menkaure
  3861 | D:4      | Reached skill level 5 in Unarmed Combat
  4168 | D:4      | Noticed Natasha
  4176 | D:4      | Killed Natasha
  4360 | D:4      | Noticed Robin
  4369 | D:4      | Killed Robin
  4372 | D:4      | Reached XP level 7. HP: 33/44 MP: 12/12
  4789 | D:4      | Reached skill level 1 in Poison Magic
  4858 | D:5      | Entered Level 5 of the Dungeon
  5367 | D:5      | Reached skill level 6 in Unarmed Combat
  5669 | D:5      | Found Xupsi's General Store.
  5717 | D:5      | Found a sparkling altar of Nemelex Xobeh.
  6103 | D:5      | Reached XP level 8. HP: 42/50 MP: 14/14
  6333 | D:5      | Found a faded altar of an unknown god.
  6333 | D:5      | Found a basalt altar of Yredelemnul.
  6340 | D:5      | Found a sacrificial altar of Ru.
  6342 | D:5      | Found a hazy altar of Hepliaklqana.
  6344 | D:5      | Found a faded altar of an unknown god.
  6685 | D:6      | Found a staircase to the Ecumenical Temple.
  6705 | Temple   | Entered the Ecumenical Temple
  6823 | Temple   | Became a worshipper of Gozag Ym Sagoz the Greedy
  7019 | D:6      | Noticed Sigmund
  7102 | D:6      | Reached skill level 7 in Unarmed Combat
  8325 | D:7      | Reached XP level 9. HP: 40/55 MP: 16/16
  8422 | D:7      | Got the Disquisition on Freezing Poison
  8609 | D:7      | Reached skill level 5 in Transmutations
  8884 | D:7      | Reached skill level 5 in Spellcasting
  9105 | D:7      | Learned a level 4 spell: Ice Form
  9233 | D:7      | Reached skill level 8 in Unarmed Combat
  9351 | D:7      | Reached skill level 1 in Ice Magic
  9591 | D:7      | Learned a level 2 spell: Poisonous Vapours
 10283 | D:8      | Noticed an ice statue
 10283 | D:8      | Found the +8 autumn katana {vorpal, Clar}
 10302 | D:8      | Noticed a two-headed ogre
 10416 | D:7      | Killed a two-headed ogre
 11121 | D:8      | Reached skill level 5 in Dodging
 11264 | D:8      | Found a radiant altar of Vehumet.
 11353 | D:8      | Reached XP level 10. HP: 46/63 MP: 18/18
 11369 | D:8      | Reached skill level 9 in Unarmed Combat
 12301 | D:9      | Found a staircase to the Orcish Mines.
 12437 | D:9      | Noticed Grum
 12879 | D:9      | Paralysed by a hornet for 1 turns
 12988 | D:9      | Killed Grum
 13039 | D:9      | Reached skill level 10 in Unarmed Combat
 13190 | D:9      | Found a staircase to the Lair.
 13803 | D:9      | Noticed a two-headed ogre
 13828 | D:9      | Killed a two-headed ogre
 13829 | D:9      | Reached skill level 5 in Poison Magic
 13829 | D:9      | Reached XP level 11. HP: 30/67 MP: 14/20
 14226 | D:10     | Entered Level 10 of the Dungeon
 15170 | D:10     | Noticed Nergalle
 15306 | Lair:1   | Entered Level 1 of the Lair of Beasts
 15390 | Lair:1   | Noticed a six-headed hydra
 15398 | Lair:1   | Killed a six-headed hydra
 15700 | Lair:1   | Noticed a five-headed hydra
 15709 | Lair:1   | Killed a five-headed hydra
 15710 | Lair:1   | Reached skill level 5 in Ice Magic
 15806 | Lair:1   | Reached skill level 11 in Unarmed Combat
 15969 | Lair:1   | Noticed Gastronok
 16673 | Lair:2   | Noticed a seven-headed hydra
 16899 | Lair:2   | Found a transporter.
 16902 | Lair:2   | Found a transporter.
 16903 | Lair:2   | Noticed a boulder beetle
 17638 | D:9      | Killed Gastronok
 17639 | D:9      | Reached XP level 12. HP: 54/75 MP: 19/23
 18969 | Lair:3   | Reached skill level 12 in Unarmed Combat
 20162 | Lair:3   | Identified the +2 falchion of the Shimmering Queen {drain,
                  | rElec rF- Dex+2 Stlth+}
 20711 | Lair:4   | Found a hole to the Spider Nest.
 20770 | Lair:4   | Noticed a four-headed hydra
 20778 | Lair:4   | Killed a four-headed hydra
 21144 | Lair:4   | Noticed Urug
 21153 | Lair:4   | Mangled by Urug

Illustrated notes

Levels and vault maps discovered:
D:1:      dpeg_arrival_ratfight, layout_loops_cross,
          shapermc_ecumenical_altar_notcrosses
D:2:      layout_rooms
D:3:      layout_basic
D:4:      layout_loops_ring, uniq_menkaure, uniq_robin, uniq_natasha
D:5:      layout_loops_ring, nemelex_xobeh_ov_fountains_minmay,
          chequers_temple_overflow_minitemple, serial_shops, shop,
          chequers_serial_rivers_large_b, lemuel_flamethrower_2
D:6:      layout_cave_pods, minmay_temple_entry_drinking_statues, uniq_sigmund
D:7:      layout_basic, chequers_avenue
D:8:      statuecave_lemuel, layout_basic, nicolae_vehumet_altar_sigil,
          eino_small_chamber_without_monster
D:9:      layout_roguey, erik_lair_island, uniq_grum
D:10:     layout_irregular_city, marbit_many_paths, st_stairs_10, uniq_nergalle
Temple:   lightli_temple_of_artemis
Lair:1:   layout_misc_corridors, infiniplex_staircase_pool_2, uniq_gastronok
Lair:2:   gammafunk_boulding_lane, layout_misc_corridors,
          palyth_hydra_swamp_entry, grunt_megastairs_2
Lair:3:   layout_roguey, beast_lair_carwin_8
Lair:4:   layout_cave_shapes, nicolae_spider_entry_non_spiders,
          nicolae_quartered_pool_little, uniq_urug

Skill      XL: |  1  2  3  4  5  6  7  8  9 10 11 12 |
---------------+-------------------------------------+-----
Unarmed Combat | 4 5 6 7 8 10 11 12 | 12.9
Spellcasting   | 3 4 5 6 7 9 |  9.0
Transmutations | 3 4 5 6 7 8 |  8.5
Poison Magic   | 2 3 4 5 |  5.8
Dodging        | 3 4 5 6 7 |  7.8
Fighting       | 2 3 4 |  4.5
Ice Magic      | 2 4 5 |  5.5
Air Magic      | |  0.7
Evocations     | |  0.7

Action                   |  1- 3 |  4- 6 |  7- 9 | 10-12 || total
-------------------------+-------+-------+-------+-------++-------
Melee: Unarmed           |   105 |   102 |   329 |   671 ||  1207
       Tentacles         |    21 |    10 |     9 |     3 ||    43
       Constrict         |    29 |    14 |    14 |     4 ||    61
       Punch             |     1 |     1 |     2 |       ||     4
 Cast: Spider Form       |       |     7 |    33 |    39 ||    79
       Ice Form          |       |       |       |    25 ||    25
       Poisonous Vapours |       |       |       |     3 ||     3
Invok: Call Merchant     |       |       |       |     1 ||     1
Evoke: Wand              |       |       |     7 |       ||     7
  Use: Scroll            |       |       |       |    12 ||    12
       Potion            |       |       |       |     5 ||     5
 Stab: Sleeping          |    12 |     4 |     4 |       ||    20
Armor: Skin              |    15 |     3 |    18 |   108 ||   144
Dodge: Dodged            |    63 |    52 |   261 |   509 ||   885
